[Event "Polish Ekstraliga 2024"]
[Site "Walbrzych"]
[Date "2024.10.08"]
[Round "2.28"]
[White "Kyc, Jerzy"]
[Black "Kantans, Toms"]
[Result "1/2-1/2"]
[ECO "B94"]
[WhiteElo "2253"]
[BlackElo "2493"]
[Annotator "TA"]
[PlyCount "130"]
[EventDate "2024.10.05"]
[EventType "team-tourn"]
[EventCountry "POL"]
[SourceTitle "playchess.com"]
[Source "ChessBase"]
[SourceQuality "1"]
[WhiteTeam "Sedziszow Malopolski"]
[BlackTeam "Gliwice"]
[TimeControl "40/5400+30:1800+30"]

1. e4 c5 2. Nf3 d6 3. d4 cxd4 4. Nxd4 Nf6 5. Nc3 a6 6. Bg5 Nbd7 7. Bc4 Qb6 8. Bb3 e6 9. f4 Be7 10. Qd2 Nc5 11. Bxf6 Bxf6 12. O-O-O O-O 13. g4 Bxd4 14. Qxd4 e5 15. Qxd6 Qxd6 16. Rxd6 exf4 17. Rf1 Nxb3+ 18. axb3 Bxg4 19. Rxf4 h5 20. Rb6 Rab8 21. Nd5 Rfe8 22. c4 Re5 23. Kd2 Re6 24. Kd3 Rxb6 25. Nxb6 $11 {[%emt 0:00:03][%mdl 4096] Endgame. KRB-KRN} g5 ({Don't take} 25... Rd8+ 26. Nd5 $17) 26. Rf1 Kg7 27. Kd4 Re8 28. Nd5 Bh3 29. Rf2 h4 30. e5 Re6 31. Nc7 Re7 32. Nd5 Re8 33. Nf6 Rd8+ 34. Nd5 Be6 35. Kc5 (35. Rf1 $11 {keeps the balance.}) 35... g4 $1 $17 36. Kd4 Kg6 $1 37. Ke4 {[%emt 0:00:26] [#]} (37. b4 $17 {keeps fighting.}) 37... Kg5 $1 $19 38. Rf6 (38. Ne3 {was called for.}) 38... Rh8 $2 (38... h3 $19 {[%cal Og4g3] and Black stays clearly on top. White must now prevent ...g3!} 39. Rf1 b5) 39. Nf4 (39. Nc3 $17) 39... g3 40. Kf3 gxh2 41. Kg2 {[%emt 0:00:38] [#]} Bf5 ({Better is} 41... Rd8 $1 $19 42. Nxe6+ fxe6 43. Rxe6 Rd2+ 44. Kh1 Rxb2) 42. Nd5 $17 Re8 43. Rxf7 Rxe5 44. Nc3 {[%emt 0:00:43] Prevents Re2+.} b5 (44... h1=R $17 {( -> ...Ree1)} 45. Kxh1 Re1+ 46. Kh2 b5 47. cxb5 axb5) 45. cxb5 $11 axb5 {[%emt 0:00:03] aiming for ...b4.} 46. b4 Re3 {[%emt 0:05:25] ...Rh3 is the strong threat.} 47. Kxh2 Rd3 48. Re7 Bg4 49. Re5+ {[%emt 0:00:11] The position is equal.} Kf4 50. Rd5 Rh3+ 51. Kg2 $1 Rg3+ 52. Kh2 Bf3 53. Rd4+ Ke3 54. Rxh4 Rg2+ 55. Kh3 Rg1 {[%emt 0:01:16][%mdl 1024] Threatens to win with ...Kf2. Black has compensation.} 56. Kh2 $1 Rg5 57. Kh3 Bg2+ 58. Kh2 Bc6 59. Rh6 Bd7 60. Rd6 Bf5 61. Rd5 Kf3 62. Rxb5 Rh5+ 63. Kg1 Rg5+ 64. Kh2 Rh5+ 65. Kg1 Rg5+ {[%emt 0:00:05] And White is the lucky defender.   Weighted Error Value: White=0.12 (very precise) /Black=0.10 (very precise) .  Mistake:       	White=4     	Black=3      Inaccurate:     	White=2     	Black=2      OK:         	White=22    	Black=26     Best:        	White=6     	Black=1      Strong:       	White=2     	Black=3} 1/2-1/2

[Event "Polish Ekstraliga 2024"]
[Site "Walbrzych"]
[Date "2024.10.08"]
[Round "2.29"]
[White "Klekowski, Maciej"]
[Black "Sendera, Jaroslaw"]
[Result "1-0"]
[ECO "E73"]
[WhiteElo "2463"]
[BlackElo "2219"]
[Annotator "TA"]
[PlyCount "65"]
[EventDate "2024.10.05"]
[EventType "team-tourn"]
[EventCountry "POL"]
[SourceTitle "playchess.com"]
[Source "ChessBase"]
[SourceQuality "1"]
[WhiteTeam "Gliwice"]
[BlackTeam "Sedziszow Malopolski"]
[TimeControl "40/5400+30:1800+30"]

1. d4 Nf6 2. c4 g6 3. Nc3 Bg7 4. e4 d6 5. Be2 O-O 6. Be3 Nbd7 7. g4 c5 8. g5 Nh5 9. Bxh5 {The position is equal.} gxh5 10. Nge2 h4 (10... cxd4 $11 {keeps the balance.} 11. Nxd4 Ne5) 11. Rg1 Re8 (11... Qa5 $14) 12. f3 a6 13. a4 {[%emt 0:03:29][%cal Ba2a4,Ba4a5][%mdl 32] White is more active.} e6 14. Kf2 cxd4 {[%emt 0:04:58] White leaves nothing to chance now.} 15. Bxd4 Ne5 16. a5 Bd7 (16... Ng6 $16 17. Bxg7 Kxg7) 17. f4 $18 Nc6 18. Bxg7 Kxg7 19. Qxd6 Re7 {[%emt 0:04:19] Black is weak on the dark squares} 20. Rgd1 {[%emt 0:01:22][%cal Of4f5] [#] And now f5! would win.} Qe8 $2 (20... Be8 21. Qxd8 Nxd8) 21. Nd4 $2 (21. f5) 21... Nxd4 22. Rxd4 {[%emt 0:00:55][%cal Of4f5] f5! would now be deadly.} Bc6 23. Qe5+ Kg8 24. Rad1 Rd7 25. Rxd7 Bxd7 26. Kf3 Bc6 27. Qd6 {[%emt 0:01:32] Inhibits Rd8.} Rb8 28. b4 Rc8 29. c5 f5 $2 (29... Qf8 {might work better.} 30. Qxf8+ Rxf8) 30. gxf6 {[%emt 0:00:23][%cal Bg5f6,Bf6f7][%mdl 32] White wants to mate with Rg1+.} Qh5+ 31. Kf2 Kh8 32. Qxe6 Re8 {[%emt 0:00:45] [#]} 33. f7 $1 {[%emt 0:00:08] Weighted Error Value: White=0.38/Black=0.53.  Mistake:       	White=1     	Black=5      Inaccurate:     	White=3     	Black=4      OK:         	White=12    	Black=4      Best:        	White=1     	Black=1} 1-0

[Event "Polish Ekstraliga 2024"]
[Site "Walbrzych"]
[Date "2024.10.09"]
[Round "3.1"]
[White "Licznerski, Lukasz"]
[Black "Erdogmus, Yagiz Kaan"]
[Result "0-1"]
[ECO "C88"]
[WhiteElo "2430"]
[BlackElo "2601"]
[Annotator "TA"]
[PlyCount "100"]
[EventDate "2024.10.05"]
[EventType "team-tourn"]
[EventCountry "POL"]
[SourceTitle "playchess.com"]
[Source "ChessBase"]
[SourceQuality "1"]
[WhiteTeam "Wisznia Mala"]
[BlackTeam "Legnica"]
[TimeControl "40/5400+30:1800+30"]

1. e4 e5 2. Nf3 Nc6 3. Bb5 a6 4. Ba4 Nf6 5. O-O Be7 6. Re1 b5 7. Bb3 O-O 8. a4 Bb7 9. d3 d6 10. Nc3 Na5 11. Ba2 b4 12. Ne2 c5 13. Ng3 Bc8 14. Nd2 Bg4 15. f3 Be6 16. Nc4 Nc6 {[%emt 0:08:28] The position is equal.} 17. Ne3 Bxa2 18. Rxa2 {[%emt 0:00:01] [#]} b3 $1 19. cxb3 g6 20. Nc4 d5 21. exd5 Nxd5 22. Ra1 Ndb4 {[%emt 0:03:28][%mdl 1024] Black has strong compensation.} 23. Bh6 Re8 24. Re2 f5 (24... Qxd3 $2 25. Rd2 $18 (25. Nxe5 Qd4+ 26. Qxd4 Nxd4 $17) (25. Nxe5 Qd4+ 26. Kf1 Rad8 $17)) 25. Bd2 Bf6 26. Bc3 Nd4 (26... Qxd3 $2 27. Rd2 $18) 27. Rf2 Rb8 28. Ne2 Ndc6 29. Nc1 h5 30. Kh1 h4 31. Qf1 Rb7 32. Na2 Nd5 (32... Nxd3 33. Rd2 e4 34. Bxf6 (34. fxe4 Bxc3 35. Rxd3 Bd4 $11) 34... Qxf6 35. fxe4 $16) (32... Qxd3 33. Nxb4 Qxf1+ (33... Nxb4 $2 34. Qg1 $18) 34. Raxf1 $16) 33. Re1 Nf4 34. Nc1 Nh5 {[%emt 0:01:11] Black has more active pieces.} (34... Rh7 $17) 35. Ne2 (35. f4 $11) 35... Rh7 $17 (35... Qxd3 $2 36. Rd1 $18) 36. Kg1 Bg5 (36... Qxd3 $2 37. Rd1 $18) 37. g4 (37. Rd1 $142) 37... hxg3 38. hxg3 Nd4 ({Worse is} 38... Qxd3 39. Rd1 Qc2 40. Nc1 $16 (40. Nd4 Qxd1 41. Qxd1 exd4 $11)) 39. Bxd4 cxd4 40. Rh2 e4 $1 $36 {[%emt 0:00:00][%mdl 2048] Keeping White busy.} 41. Rd1 (41. fxe4 $17 fxe4 42. Rd1) 41... exd3 $1 $19 42. Rxd3 {[%emt 0:00:30] [#]} Nxg3 $1 43. Nxg3 {[%emt 0:00:23] Rxh7 would now be deadly.} Rxh2 44. Kxh2 {[%emt 0:15:46] [#] Strongly threatening Qf2.} Bf4 $1 45. Kh3 {[%emt 0:00:23] Prevents Qh4+.} (45. Qh3 Qg5 46. Kg2 (46. Rxd4 $2 {loses.} Re2+ 47. Kh1 Re1+ 48. Kh2 Bxg3+ 49. Qxg3 Rh1+ 50. Kxh1 Qxg3 $19) 46... Bxg3 47. Qxg3 Re2+ 48. Kf1 (48. Kh3 $2 Qh5+ 49. Qh4 Rh2+ 50. Kxh2 Qxh4+ 51. Kg2 g5 $19) 48... Qxg3 49. Kxe2) 45... Bxg3 46. Kxg3 {[%emt 0:01:01] [#]} f4+ $1 {[%emt 0:00:48][%mdl 512] Black mates.} 47. Kg4 Qf6 48. Nd6 Re5 49. Kh3 Rg5 50. Ne4 Qh8# {[%emt 0:00:01] Weighted Error Value: White=0.39/Black=0.05 (flawless) .  Mistake:       	White=4     	Black=1      Inaccurate:     	White=2     	---        OK:         	White=9     	Black=13     Best:        	White=2     	Black=3      Strong:       	---       	Black=3      Brilliant:      	---       	Black=1} 0-1

[Event "Polish Ekstraliga 2024"]
[Site "Walbrzych"]
[Date "2024.10.09"]
[Round "3.2"]
[White "Malek, Jan"]
[Black "Sabuk, Piotr"]
[Result "1-0"]
[ECO "D38"]
[WhiteElo "2479"]
[BlackElo "2402"]
[Annotator "TA"]
[PlyCount "69"]
[EventDate "2024.10.05"]
[EventType "team-tourn"]
[EventCountry "POL"]
[SourceTitle "playchess.com"]
[Source "ChessBase"]
[SourceQuality "1"]
[WhiteTeam "Legnica"]
[BlackTeam "Wisznia Mala"]
[TimeControl "40/5400+30:1800+30"]

1. Nf3 d5 2. d4 Nf6 3. c4 e6 4. Nc3 Bb4 5. Qa4+ Nc6 6. e3 O-O 7. Qc2 Re8 8. Bd2 Bf8 9. a3 {[%emt 0:00:14] The position is equal.} h6 10. Ne5 Nxe5 11. dxe5 Nd7 12. f4 c6 13. h4 f6 ({Better is} 13... Nb6 $11) 14. g4 $14 {[%emt 0:21:22][%cal Bg2g4,Bg4g5][%mdl 32] White is more active.} fxe5 15. g5 e4 {[%emt 0:05:10] White now steadily converts the win.} 16. O-O-O h5 17. Be2 $1 g6 {[%emt 0:01:33] [#]} (17... Nc5 $16 {was called for.}) 18. Nxe4 $1 $18 dxe4 19. Qxe4 (19. Bc3 Bg7 20. Qxe4 Bxc3 21. bxc3 Kg7 $11) 19... Bg7 20. Qxg6 Nf8 (20... Re7 $142 21. Bxh5 (21. Qxh5 Qb6 $11) 21... e5) 21. Qc2 (21. Qxh5 Qb6 22. Bb4 (22. Qxe8 $2 Qxb2#) 22... Qxe3+ 23. Kb1 e5 $11) 21... Bd7 22. Bxh5 Qe7 23. Bxe8 Bxe8 24. h5 b5 25. e4 bxc4 26. Qxc4 Rb8 27. e5 Nd7 (27... c5 {might work better.} 28. Bc3 Qf7) 28. Be3 (28. Qxc6 $2 Nxe5 29. Bb4 Nxc6 $19) 28... Bf8 29. Rd6 (29. Qxc6 Nb6 30. Qe4 Qc7+ 31. Qc2 Qb7 $11) 29... Qh7 30. g6 Bxg6 31. Qxe6+ Bf7 32. Qxd7 Qe4 {[#]} 33. Rg1+ $1 ({Not} 33. Qxc6 Qxe3+ 34. Rd2 Rd8 $11) 33... Kh8 34. Bd4 (34. Qxc6 $2 {loses.} Qxe3+ 35. Rd2 Qxg1+ $19) 34... Bd5 35. Rf6 {[%emt 0:02:47] Weighted Error Value: White=0.07 (flawless) /Black=0.62.  Mistake:       	---       	Black=4      Inaccurate:     	White=1     	Black=4      OK:         	White=13    	Black=6      Best:        	White=4     	Black=1      Strong:       	White=1     	---        Brilliant:      	White=1     	---} (35. Bxa7 {gets mated.} Qc4+ 36. Kb1 Qa2+ 37. Kc2 Rxb2+ 38. Kd3 Qxa3+ 39. Kd4 Rd2#) 1-0

[Event "Polish Ekstraliga 2024"]
[Site "Walbrzych"]
[Date "2024.10.09"]
[Round "3.3"]
[White "Kuzmicz, Krystian"]
[Black "Kempinski, Robert"]
[Result "1/2-1/2"]
[ECO "B31"]
[WhiteElo "2471"]
[BlackElo "2566"]
[Annotator "TA"]
[PlyCount "65"]
[EventDate "2024.10.05"]
[EventType "team-tourn"]
[EventCountry "POL"]
[SourceTitle "playchess.com"]
[Source "ChessBase"]
[SourceQuality "1"]
[WhiteTeam "Wisznia Mala"]
[BlackTeam "Legnica"]
[TimeControl "40/5400+30:1800+30"]

1. e4 c5 2. Nf3 Nc6 3. Bb5 g6 4. Bxc6 bxc6 5. O-O Bg7 6. c3 Nf6 7. Re1 O-O 8. d4 cxd4 9. cxd4 d6 10. Nc3 Bg4 11. h3 Bxf3 12. Qxf3 Nd7 13. Rd1 {[%emt 0:04:22] The position is equal.} Qb6 14. Qd3 Qb7 15. b3 c5 16. Be3 Rac8 17. Rac1 Rfe8 18. Nd5 a6 (18... e6 $11 19. Nc3 cxd4 20. Bxd4 Bh6) 19. dxc5 Nxc5 20. Bxc5 dxc5 {[%emt 0:00:37] Black is weak on the light squares} 21. Qf3 Be5 22. Rc4 Kg7 23. Rdc1 Bb2 24. R1c2 Bd4 25. Nf4 a5 26. g3 Red8 27. Kg2 Rd6 28. Nd3 Rf6 29. Qe2 e5 30. Qe1 Qb5 31. Qc1 Qb7 32. f3 Qb5 33. Qd2 {[%emt 0:02:13] Weighted Error Value: White=0.06 (flawless) /Black=0.07 (flawless) .  Mistake:       	---       	Black=1      Inaccurate:     	White=1     	---        OK:         	White=9     	Black=8} (33. Nxc5 Rxc5 34. Qf1 (34. Rxc5 $2 Bxc5 35. Qe1 Bb6 $19) 34... Qb4 35. Rxc5 Bxc5 $19) 1/2-1/2

[Event "Polish Ekstraliga 2024"]
[Site "Walbrzych"]
[Date "2024.10.09"]
[Round "3.4"]
[White "Heberla, Bartlomiej"]
[Black "Butkiewicz, Lukasz"]
[Result "0-1"]
[ECO "B57"]
[WhiteElo "2501"]
[BlackElo "2334"]
[Annotator "TA"]
[PlyCount "58"]
[EventDate "2024.10.05"]
[EventType "team-tourn"]
[EventCountry "POL"]
[SourceTitle "playchess.com"]
[Source "ChessBase"]
[SourceQuality "1"]
[WhiteTeam "Legnica"]
[BlackTeam "Wisznia Mala"]
[TimeControl "40/5400+30:1800+30"]

1. e4 c5 2. Nf3 Nc6 3. d4 cxd4 4. Nxd4 Nf6 5. Nc3 d6 6. Bc4 Qb6 7. Nxc6 bxc6 8. O-O e6 9. Qe2 Be7 10. b3 O-O 11. Bb2 e5 12. Bd3 Be6 13. Na4 Qc7 {[%emt 0:00:13] The position is equal.} 14. c4 Nd7 15. Rad1 g6 16. Qe3 Rfe8 17. f4 exf4 18. Qxf4 Rac8 19. Be2 Bf8 20. Rd2 a6 21. Rfd1 c5 22. Rxd6 {[%emt 0:04:15][%cal Oa4b6] aiming for Nb6!} Bxd6 23. Rxd6 {[%emt 0:00:02][%cal Oa4b6] Nb6! is the strong threat.} Bf5 {[%emt 0:00:50] [#]} 24. e5 $2 ({Only move:} 24. Bf3 $1 $18 Re6 25. Qh6) 24... f6 $11 25. Qd2 (25. Nc3 $11 fxe5 26. Qd2) 25... Nxe5 $17 26. Rxf6 (26. Rd5 $17 {keeps fighting.}) 26... Rcd8 $19 27. Qf4 Qe7 (27... Ng4 $142 28. Rxf5 (28. Qxc7 {is a self mate.} Rd1+ 29. Bf1 Rxf1+ 30. Kxf1 Bd3+ 31. Kg1 Re1+) 28... Qxf4 29. Rxf4 Rxe2) 28. Rxa6 $2 {[%emt 0:01:18] [#]} (28. Qxe5 Qxe5 29. Bxe5 Rxe5 30. Bf3) 28... Nf3+ $1 29. Qxf3 Qxe2 {[%emt 0:00:05] Weighted Error Value: White=0.82/Black=0.51.  Missed win:     	White=1     	---        Mistake:       	White=3     	Black=2      Inaccurate:     	White=1     	Black=1      OK:         	White=6     	Black=4      Best:        	White=1     	Black=1} 0-1

[Event "Polish Ekstraliga 2024"]
[Site "Walbrzych"]
[Date "2024.10.09"]
[Round "3.5"]
[White "Skawinski, Arkadiusz"]
[Black "Bobras, Piotr"]
[Result "1/2-1/2"]
[ECO "B24"]
[WhiteElo "2333"]
[BlackElo "2428"]
[Annotator "RC"]
[PlyCount "54"]
[EventDate "2024.10.05"]
[EventType "team-tourn"]
[EventCountry "POL"]
[SourceTitle "playchess.com"]
[Source "ChessBase"]
[SourceQuality "1"]
[WhiteTeam "Wisznia Mala"]
[BlackTeam "Legnica"]
[TimeControl "40/5400+30:1800+30"]

1. e4 c5 2. Nc3 Nc6 3. Bb5 Nd4 4. Nf3 a6 5. Bd3 g6 6. Nxd4 cxd4 7. Ne2 Bg7 8. c3 dxc3 9. dxc3 d6 10. Be3 Nf6 11. h3 O-O 12. O-O b6 13. a4 Bb7 14. f3 Nd7 15. Bc4 Qc7 16. Ba2 e6 17. Bd4 Bh6 18. Qe1 e5 19. Qh4 Kg7 20. Bf2 Nc5 21. Bb1 Nb3 22. Ra3 Nd2 23. Re1 Nxb1 24. Rxb1 Qc4 25. Qe7 Bxe4 26. fxe4 Qxe2 27. Qxd6 Be3 1/2-1/2

[Event "Polish Ekstraliga 2024"]
[Site "Walbrzych"]
[Date "2024.10.09"]
[Round "3.6"]
[White "Sliwicka, Alicja"]
[Black "Bartel, Marta"]
[Result "1-0"]
[ECO "C41"]
[WhiteElo "2371"]
[BlackElo "2214"]
[Annotator "RC"]
[PlyCount "113"]
[EventDate "2024.10.05"]
[EventType "team-tourn"]
[EventCountry "POL"]
[SourceTitle "playchess.com"]
[Source "ChessBase"]
[SourceQuality "1"]
[WhiteTeam "Legnica"]
[BlackTeam "Wisznia Mala"]
[TimeControl "40/5400+30:1800+30"]

1. e4 d6 2. d4 Nf6 3. Nc3 e5 4. Nf3 Nbd7 5. Bc4 Be7 6. O-O O-O 7. a4 a5 8. Re1 c6 9. Ba2 exd4 10. Nxd4 Nc5 11. Bf4 Bg4 12. Qd2 Be6 13. h3 Kh8 14. Bh2 Re8 15. Bxe6 fxe6 16. e5 dxe5 17. Bxe5 Nfd7 18. Bg3 Bg5 19. Qe2 Qf6 20. Nf3 Bf4 21. Bh4 Qg6 22. Qc4 Bc7 23. Ne4 Nxe4 24. Rxe4 Nb6 25. Qe2 Nd5 26. Bg5 e5 27. Re1 Nf6 28. Bxf6 gxf6 29. Nh4 Qf7 30. Nf5 Rad8 31. Qe3 Qh5 32. Ng3 Qf7 33. Nf5 Qh5 34. g4 Qf7 35. Kg2 Rf8 36. Qa7 b5 37. axb5 cxb5 38. R1e3 b4 39. b3 Rd7 40. Qb7 Rb8 41. Qa6 Bb6 42. Rf3 Rd2 43. Qc4 Qd7 44. Ng3 Rc8 45. Qa6 Rc6 46. Rc4 Rxc4 47. Qxc4 Rd4 48. Qe2 Qc6 49. Nh5 Bd8 50. Qe3 Qe8 51. Qh6 Rd7 52. Nxf6 Bxf6 53. Qxf6+ Kg8 54. Rf5 Qa8+ 55. Kh2 Rg7 56. Qe6+ Kh8 57. Qxe5 1-0

[Event "Polish Ekstraliga 2024"]
[Site "Walbrzych"]
[Date "2024.10.09"]
[Round "3.7"]
[White "Harikrishna, Pentala"]
[Black "Svane, Rasmus"]
[Result "1-0"]
[ECO "C55"]
[WhiteElo "2688"]
[BlackElo "2629"]
[Annotator "TA"]
[PlyCount "103"]
[EventDate "2024.10.05"]
[EventType "team-tourn"]
[EventCountry "POL"]
[SourceTitle "playchess.com"]
[Source "ChessBase"]
[SourceQuality "1"]
[WhiteTeam "Polonia Wroclaw"]
[BlackTeam "Gliwice"]
[TimeControl "40/5400+30:1800+30"]

1. e4 e5 2. Nf3 Nc6 3. Bc4 Nf6 4. d3 Be7 5. O-O O-O 6. Re1 d6 7. a3 Be6 {[%emt 0:04:23] C55: Two Knights: 4 d3, 4 d4 exd4 5 e5 and Max Lange Attack.} 8. Nc3 h6 9. Nd5 Qd7 10. c3 Bd8 $146 ({Predecessor:} 10... Rae8 11. d4 Bg4 12. Ne3 Bxf3 13. Qxf3 g6 14. Nd5 Kg7 15. Nxf6 Bxf6 16. Bxh6+ Kxh6 17. Qxf6 {1-0 Nepomniachtchi,I (2729)-Wang,H (2709) Wch Rapid Riadh 2017 (15)}) 11. Ba2 Bxd5 12. exd5 Ne7 13. d4 e4 14. Nd2 Nexd5 ({Much worse is} 14... Qf5 15. Bb1 $16) 15. Nxe4 Re8 16. Qd3 c6 17. f3 Be7 18. Bd2 Bf8 19. Re2 Nh5 20. g3 Ndf6 21. Rae1 d5 22. Nf2 Rxe2 23. Rxe2 Qc7 24. Bb1 g6 25. Kg2 (25. Kf1 {simplifies} b6 26. Bc1 Rd8 27. Kg2) 25... Kh7 26. Ng4 Nxg4 27. fxg4 Nf6 {[%emt 0:00:20] [#]} 28. Qf3 $1 Re8 {[%emt 0:01:27] [#]} (28... Ne4 $16 {was necessary.}) 29. Bxg6+ $1 $18 Kg8 (29... Kxg6 $2 {is the wrong capture.} 30. Qf5+ Kg7 31. Bxh6+ Kg8 32. Qg5+ Kh7 33. Rxe8 Nxe8 34. Bxf8 $18) 30. Rxe8 Nxe8 31. Bd3 Qe7 32. Qf5 Nf6 33. g5 hxg5 34. Bxg5 Bg7 35. Qc8+ Bf8 36. h4 Qd7 37. Qxd7 Nxd7 38. a4 Nb6 39. b3 Nc8 40. Kf3 Nd6 41. g4 Ne8 42. Bf4 f6 43. Bf5 Bd6 44. Bc1 Be7 45. c4 Kf7 46. c5 Ng7 47. Bd7 Ne6 48. Be3 Bf8 49. b4 Ke7 50. Bc8 b6 51. cxb6 axb6 52. a5 (52. b5 cxb5 53. axb5 Nc7 $18) (52. Bxe6 $142 Kxe6 53. a5 bxa5 54. bxa5) 1-0

[Event "Polish Ekstraliga 2024"]
[Site "Walbrzych"]
[Date "2024.10.09"]
[Round "3.8"]
[White "Tomczak, Jacek"]
[Black "Grandelius, Nils"]
[Result "1/2-1/2"]
[ECO "B22"]
[WhiteElo "2584"]
[BlackElo "2650"]
[Annotator "TA"]
[PlyCount "44"]
[EventDate "2024.10.05"]
[EventType "team-tourn"]
[EventCountry "POL"]
[SourceTitle "playchess.com"]
[Source "ChessBase"]
[SourceQuality "1"]
[WhiteTeam "Gliwice"]
[BlackTeam "Polonia Wroclaw"]
[TimeControl "40/5400+30:1800+30"]

1. e4 c5 2. c3 Nf6 3. e5 Nd5 4. Bc4 e6 5. d4 Nc6 6. Nf3 d6 7. O-O Be7 8. Bd3 O-O 9. a3 cxd4 10. cxd4 Bd7 11. exd6 Bxd6 12. Nc3 h6 13. Bc2 Nce7 14. Qd3 Ng6 15. Nxd5 exd5 16. Ne5 {[%emt 0:00:06] The position is equal.} Bxe5 17. dxe5 Rc8 18. Be3 a6 {[%emt 0:01:31] [#] Hoping for ...Bb5.} 19. Rfd1 Bb5 20. Qf5 {[%emt 0:00:25] Threatens to win with e6.} (20. Qxd5 $2 {perishes.} Qxd5 (20... Rxc2 $2 21. Qxd8 Rxd8 22. Rxd8+ $18) 21. Rxd5 Rxc2 $19) 20... Bd7 21. Qd3 (21. Rxd5 Bxf5 22. Rxd8 Rxc2 $19) 21... Bb5 22. Qf5 {[%emt 0:01:55] e6 is the strong threat.} (22. Qxd5 $2 {loses.} Qxd5 (22... Rxc2 $2 23. Qxd8 Rxd8 24. Rxd8+ $18) 23. Rxd5 Rxc2 $19) 22... Bd7 {[%emt 0:05:52] An uneventful encounter.   Weighted Error Value: White=0.03 (flawless) /Black=0.03 (flawless) .  Inaccurate:     	---       	Black=1      OK:         	White=9     	Black=6      Best:        	---       	Black=4} 1/2-1/2

[Event "Polish Ekstraliga 2024"]
[Site "Walbrzych"]
[Date "2024.10.09"]
[Round "3.9"]
[White "Bartel, Mateusz"]
[Black "Laurusas, Tomas"]
[Result "1/2-1/2"]
[ECO "C42"]
[WhiteElo "2608"]
[BlackElo "2573"]
[Annotator "TA"]
[PlyCount "91"]
[EventDate "2024.10.05"]
[EventType "team-tourn"]
[EventCountry "POL"]
[SourceTitle "playchess.com"]
[Source "ChessBase"]
[SourceQuality "1"]
[WhiteTeam "Polonia Wroclaw"]
[BlackTeam "Gliwice"]
[TimeControl "40/5400+30:1800+30"]

1. e4 e5 2. Nf3 Nf6 3. Nxe5 d6 4. Nd3 Nxe4 5. Nf4 Be7 6. d4 d5 7. Bd3 Nf6 8. O-O O-O 9. h3 Nc6 10. c3 Bd6 11. Nh5 Nxh5 12. Qxh5 {[%emt 0:00:03][%csl Gd3][%cal Rh5h7] [#]} g6 13. Qf3 (13. Qxd5 $2 Bh2+ 14. Kxh2 Qxd5 $19) 13... Re8 14. Na3 (14. Qxd5 $2 Bh2+ 15. Kxh2 Qxd5 $19) 14... a6 {[%emt 0:01:18] Prevents Nb5.} 15. Nc2 (15. Qxd5 $2 Bh2+ 16. Kxh2 Qxd5 $19) 15... Be6 16. Ne3 h5 17. Bd2 (17. Nxd5 Bxd5 18. Qd1 (18. Qxd5 $2 Bh2+ 19. Kxh2 Qxd5 $19) 18... Qf6 $19) (17. Re1 {simplifies} Kg7 18. Nxd5 Bxd5 19. Rxe8 Bxf3 20. Rxd8 Nxd8 21. gxf3 Ne6 22. Be4) 17... Kg7 18. Rae1 (18. Nxd5 $2 {is the wrong capture.} Bxd5 19. Qd1 (19. Qxd5 $2 Bh2+ 20. Kxh2 Qxd5 $19) 19... Qh4 $19) 18... Qf6 (18... Ne7 $11) 19. Qd1 $14 (19. Nxd5 $2 {loses.} Qxf3 20. gxf3 Bxd5 $19) 19... Bf4 20. g3 Bd6 21. Kg2 (21. f4 $14 Bxh3 22. Nxd5 Rxe1 23. Rxe1) 21... Ne7 $11 22. Qc1 Kg8 23. h4 c6 24. Nc2 Nf5 {[%emt 0:01:58][%cal Of5h4] [#] And now ...Nxh4+! would win.} (24... Bg4 {keeps more tension.} 25. f3 Bf5 26. Bg5 Qg7) 25. Bg5 Qg7 26. Bf4 Qf8 27. Re2 Bd7 28. Rfe1 Rxe2 29. Rxe2 Bxf4 30. Qxf4 Qd6 {[%emt 0:00:18] aiming for ...Qxf4.} 31. Re5 Ng7 32. Qg5 {[%emt 0:02:29] Black is weak on the dark squares} Re8 33. f4 Qf8 34. Rxe8 Qxe8 35. Qe5 Qxe5 36. fxe5 Bf5 37. Bxf5 Nxf5 {[%emt 0:00:01][%mdl 4096] Endgame. KN-KN} 38. Kf3 Kf8 39. Ne3 Nxe3 {[%emt 0:00:33] The position is equal.} 40. Kxe3 {[%emt 0:00:00] KP-KP} f6 41. Kf4 (41. exf6 $5 Kf7 $8 42. Kf4 Kxf6 43. b4 $11) 41... Kf7 42. b4 Ke6 {[%emt 0:02:34] ...fxe5+ is the strong threat.} 43. exf6 Kxf6 44. g4 hxg4 45. Kxg4 Kf7 46. Kg5 {[%emt 0:03:38] Weighted Error Value: White=0.08 (flawless) /Black=0.08 (flawless) .  Mistake:       	White=1     	Black=1      Inaccurate:     	White=4     	Black=3      OK:         	White=18    	Black=20} 1/2-1/2